 Dungeon Crawl Stone Soup version 0.19-a0-1678-g8ce114c (webtiles) character file.

98 Flanowski the Digger (level 4, -6/24 HPs)
             Began as a Gargoyle Earth Elementalist on Sept 24, 2016.
             Killed from afar by Flanowski's ghost (28 damage)
             ... with a stone arrow
             ... on level 4 of the Dungeon.
             The game lasted 00:05:24 (2652 turns).

Flanowski the Digger (Gargoyle Earth Elementalist)  Turns: 2652, Time: 00:05:24

Health: -6/24      AC:  5    Str: 11    XL:     4   Next: 69%
Magic:  0/8        EV: 12    Int: 17    God:
Gold:   83         SH:  0    Dex: 10    Spells: 1 memorised, 8 levels left

rFire  . . .     SeeInvis .     h - +0 club
rCold  . . .     Gourm    .     c - +0 robe
rNeg   + . .     Faith    .     (no shield)
rPois  ∞         Spirit   .     (no helmet)
rElec  +         Dismiss  .     (no cloak)
rCorr  .         Reflect  .     (no gloves)
MR     .....     Harm     .     (no boots)
Stlth  ++........               (no amulet)
                                (no ring)
                                r - ring of poison resistance

@: very slightly contaminated
A: negative energy resistance 1, electricity resistance, unbreathing,
petrification resistance, rot immunity, AC +3
a: no special abilities


You were on level 4 of the Dungeon.
You were not hungry.

You visited 1 branch of the dungeon, and saw 4 of its levels.

You collected 83 gold pieces.

Inventory:

Hand Weapons
 h - a +0 club (weapon)
Missiles
 b - 147 stones (quivered)
Armour
 c - a +0 robe (worn)
Jewellery
 r - a ring of poison resistance (left hand)
Wands
 i - a wand of random effects (8/48)
 s - a wand of teleportation (6/9)
Scrolls
 g - 3 scrolls of recharging {unknown}
 k - 5 scrolls of remove curse {unknown}
 l - 5 scrolls of identify {unknown}
 m - 5 scrolls of teleportation {unknown}
Potions
 a - a potion of heal wounds {unknown}
 f - 3 potions of berserk rage {unknown}
 j - a potion of agility {unknown}
 n - 3 potions of curing {unknown}
 o - 2 potions of resistance
 p - a potion of ambrosia {unknown}
 q - a potion of flight {unknown}
Books
 e - a book of Geomancy

   Spells                             Type                      Level
   a - Sandblast                      Earth                        1
   b - Passwall                       Transmutation/Earth          2
   c - Stone Arrow                    Conjuration/Earth            3
   d - Petrify                        Transmutation/Earth          4
   e - Lee's Rapid Deconstruction     Earth                        5
Comestibles
 d - 4 bread rations
 t - a chunk of flesh


   Skills:
 + Level 1.4 Maces & Flails
 + Level 1.6 Dodging
 - Level 2.1 Stealth
 * Level 3.1 Spellcasting
   Level 0.7 Transmutations
 * Level 4.9 Earth Magic


You had 8 spell levels left.
You knew the following spells:

 Your Spells              Type           Power        Failure   Level  Hunger
a - Sandblast             Erth           ###...       2%          1    None


Dungeon Overview and Level Annotations

Branches:
Dungeon (4/15)
 Temple: D:4-7

Altars:

Annotations:
D:3 Athtar123's ghost, amateur DrMo
D:4 Flanowski's ghost, amateur GrEE


Innate Abilities, Weirdness & Mutations

You are resistant to torment.
Your stone body is resilient. (AC +3)
You are immune to poison.
You resist negative energy. (rN+)
You are resistant to electric shocks. (rElec)
You can survive without breathing.
You are immune to petrification.
You are immune to rotting.


Message History

The quokka bites you but does no damage.
Casting: Sandblast
Confirm with . or Enter, or press ? or * to list all spells.
Aiming: Sandblast
Press: ? - help, Shift-Dir - straight line, f/p - ogre
Aim: an ogre, wielding a giant club (severely wounded)
The blast of sand hits the quokka.
The quokka is severely wounded.
The quokka completely misses you.
Casting: Sandblast
Confirm with . or Enter, or press ? or * to list all spells.
Aiming: Sandblast
Press: ? - help, Shift-Dir - straight line, f/p - ogre
Aim: an ogre, wielding a giant club (severely wounded)
The blast of sand hits the quokka.
You kill the quokka!
Flanowski's ghost casts a spell at you. The stone arrow hits you!
Ouch! That really hurt!
You die...

##................!.#
...........#######..#
...........#.....#..#
..#####....#.#.#.#r.#
..##.##......#)#...##
#.#≈≈≈#....#.#.#.#.#
..##≈##..WO#.....#..
#####.##†#######..
#.##(...@........
#................
###..#..######...
##### ##....# ..
....# #..#..#
#..####..#..##
#.............
#####<........
#......#.......


You could see an ogre and Flanowski's ghost.

Vanquished Creatures
  4 adders
  3 worms
  4 dart slugs (D:2)
  3 leopard geckos
  4 bats
  4 goblins
  6 hobgoblins
  7 kobolds
  A quokka (D:4)
  3 frilled lizards
  6 rats
45 creatures vanquished.

Notes
Turn   | Place    | Note
-------+----------+-------------------------------------------
     0 | D:1      | Flanowski the Gargoyle Earth Elementalist began the quest for the Orb.
     0 | D:1      | Reached XP level 1. HP: 10/10 MP: 3/3
    90 | D:1      | Reached skill level 4 in Earth Magic
   132 | D:1      | Reached XP level 2. HP: 13/15 MP: 1/5
   754 | D:2      | Reached XP level 3. HP: 17/19 MP: 2/6
   831 | D:2      | Reached skill level 1 in Maces & Flails
  1264 | D:2      | Reached XP level 4. HP: 20/24 MP: 2/8
  2282 | D:3      | Noticed Athtar123's ghost (amateur DrMo)
  2630 | D:4      | Noticed an ogre
  2641 | D:4      | Noticed Flanowski's ghost (amateur GrEE)
  2652 | D:4      | Killed from afar by Flanowski's ghost

Vault maps used:
D:1:      minmay_arrival_hallway, serial_bayou_ford_a
D:2:      first_bread
D:4:      serial_aquarium, aquarium_bridge_square, aquarium_window_1,
          aquarium_window_fake, aquarium_window_3, aquarium_view_2c,
          minmay_checkerbox

Skill      XL: |  1  2  3  4 |
---------------+-------------+-----
Earth Magic    | 4 |  4.9
Maces & Flails | 1 |  1.4
Spellcasting   | 3 |  3.1
Dodging        | |  1.6
Stealth        | |  2.1
Transmutations | |  0.7

Action                   |  1- 3 |  4- 6 || total
-------------------------+-------+-------++-------
Melee: Club              |    72 |    78 ||   150
 Cast: Sandblast         |    25 |    32 ||    57
 Stab: Sleeping          |     1 |     3 ||     4
  Eat: Chunk             |     1 |     5 ||     6
Armor: Robe              |    23 |    42 ||    65
Dodge: Dodged            |    57 |    83 ||   140
